 Dungeon Crawl Stone Soup version 0.27-a0-1529-g1e82c303ef (webtiles) character file.

Game seed: 4492625761660249860

2256 Demosthentine the Spear-Bearer (level 9, 0/108 HPs)
             Began as a Merfolk Gladiator on July 11, 2021.
             Was a Follower of the Shining One.
             Succumbed to a water moccasin's poison
             ... on level 7 of the Dungeon.
             The game lasted 00:06:12 (7563 turns).

Demosthentine the Spear-Bearer (Merfolk Gladiator)  Turns: 7563, Time: 00:06:13

Health: 0/108      AC: 24    Str: 16    XL:     9   Next: 37%
Magic:  9/9        EV:  2    Int:  7    God:    the Shining One [*.....]
Gold:   213        SH:  0    Dex: 17    Spells: 8/8 levels left

rFire    . . .     SeeInvis .   a - +1 trident
rCold    + . .     Faith    .   (no shield)
rNeg     + + +     Spirit   .   (armour currently unavailable)
rPois    +         Reflect  .   (helmet currently unavailable)
rElec    .         Harm     .   (cloak currently unavailable)
rCorr    .         Rampage  .   (gloves currently unavailable)
Will     .....     NoTele   +   (boots currently unavailable)
Stlth    +.........             (no amulet)
HPRegen  0.28/turn              f - ring of positive energy
MPRegen  0.11/turn              m - ring of protection from cold

@: lethally poisoned (0 -> -3), tree-form, glowing, studying Axes
A: stationary, stasis, torment immunity, boosted hp, (nimble swimmer 2),
(mertail)
a: Renounce Religion


You were on level 7 of the Dungeon.
You worshipped the Shining One.
The Shining One was aware of your devotion.
You were a tree.
You visited 2 branches of the dungeon, and saw 8 of its levels.

You collected 213 gold pieces.

Inventory:

Hand Weapons
 a - a +1 trident (weapon)
Missiles
 d - 2 throwing nets (quivered)
 n - 5 atropa-tipped darts
 v - 3 curare-tipped darts
Armour
 c - a +1 helmet (melded)
 l - a +0 pair of boots (melded)
 u - +0 steam dragon scales (melded)
Jewellery
 f - a ring of positive energy (left branch)
 m - a ring of protection from cold (right branch)
Wands
 w - a wand of iceblast (6)
Scrolls
 b - a scroll of fear {unknown}
 e - a scroll of identify
 g - a scroll of blinking
 o - a scroll of enchant armour
 q - a scroll of fog
 t - a scroll of enchant weapon
Potions
 h - 2 potions of might
 i - 2 potions of haste
 j - 2 potions of cancellation
 r - a potion of attraction


   Skills:
 + Level 7.0 Fighting
 + Level 9.8 Polearms
 - Level 2.0 Throwing
 + Level 4.4 Armour
 + Level 8.9 Dodging


You had 8 spell levels left.
You didn't know any spells.
Your spell library contained the following spells:

 Spells                   Type           Power      Damage    Failure   Level
 Slow                     Hex            0%         N/A       56%         2
 Sublimation of Blood     Necr           0%         N/A       56%         2
 Confusing Touch          Hex            0%         N/A       80%         3
 Gell's Gravitas          Tloc           0%         N/A       80%         3
 Lesser Beckoning         Tloc           0%         N/A       80%         3
 Teleport Other           Tloc           0%         N/A       80%         3
 Petrify                  Tmut/Erth      0%         N/A       99%         4
 Irradiate                Conj/Tmut      0%         3d13      100%        5
 Yara's Violent Unravell  Hex/Tmut       0%         3d3       100%        5


Dungeon Overview and Level Annotations

Branches:
Dungeon (7/15)             Temple (1/1) D:5

Altars:
Ashenzari
Cheibriados
Dithmenos
Elyvilon
Fedhas
Gozag
Hepliaklqana
Kikubaaqudgha
Makhleb
Nemelex Xobeh
Okawaru
Qazlal
Ru
Sif Muna
Trog
Uskayaw
Vehumet
Wu Jian
Xom
Yredelemnul
Zin
The Shining One

Shops:
D:2 ?   D:4 *

Annotations:
D:7 2 transporters, Maggie; bilbop's ghost, novice KoSu


Innate Abilities, Weirdness & Mutations

You are a tree.
Your roots penetrate the ground, keeping you stationary.
You cannot be teleported.
You are immune to unholy pain and torment.
Your maximum health is greatly increased.
Your equipment is partially melded.
((You are quick and stealthy near water. (Stealth+, EV+, Speed+++)))
((Your lower body shifts to a powerful aquatic tail in water.))


Message History

The water moccasin poisons you!
Maggie struggles against the net.
The jelly misses you. The hound bites you but does no damage.
The water moccasin closely misses you.
You hit Maggie but do no damage.
Maggie is heavily wounded.
* * * LOW HITPOINT WARNING * * *
You feel sick.
Maggie struggles against the net.
The hound closely misses you. The jelly hits you but does no damage.
The water moccasin bites you but does no damage.
You puncture Maggie!
Maggie is heavily wounded.
* * * LOW HITPOINT WARNING * * *
You feel sick. The hound misses you.
Maggie struggles against the net.
The water moccasin misses you. The jelly misses you.
Unknown command.
You hit Maggie but do no damage.
Maggie is heavily wounded.
You break out of your daze.
* * * LOW HITPOINT WARNING * * *
You feel sick. The hound closely misses you.
The water moccasin bites you but does no damage.
Maggie struggles against the net.
The net rips apart, and Maggie comes free!
The hound barely misses you. The jelly misses you.
Really quaff the potion of lignification?
You turn into a tree.
Your +1 helmet melds into your body.
Your +0 pair of boots melds into your body.
Your +0 steam dragon scales melds into your body.
Your roots penetrate the ground.
* * * LOW HITPOINT WARNING * * *
You feel sick.
The water moccasin bites you but does no damage.
The hound bites you but does no damage.
Maggie gestures wildly while chanting.
Maggie attempts to bespell you! You resist.
The jelly hits you but does no damage.
Unknown command.
You puncture Maggie!
Maggie is severely wounded.
You die...

..#.##...#.....#..#.....
.##### #.#.....##.......
...#.###.........)......
.#.......##.##...##.....
.##..##.##..###.###.....
..#...####..#....#......
.#..####................
.#..# #..####...J......
....## #.. #..S♣h.##...
.....##........#@.......
........##.#####.....#..
....#...## ....###
....####.. ...=. ....# .
.....## ...## ......
...# ........ ....#


You could see Maggie, a water moccasin (summoned), a hound (summoned) and a
jelly (summoned).

Vanquished Creatures
  A troll (D:5)
  Grinder (D:5)
  A steam dragon (D:6)
  3 sky beasts
  An ice beast (D:6)
  2 black bears
  A centaur (D:6)
  3 phantoms
  2 scorpions
  3 water moccasin skeletons
  A hound (D:5)
  A centaur zombie (D:5)
  3 jellies (D:5)
  An orc priest (D:6)
  A gnoll shaman (D:7)
  Ijyb (D:3)
  3 iguanas
  3 orc wizards
  A hound zombie (D:5)
  A hound skeleton (D:5)
  A howler monkey skeleton (D:7)
  A howler monkey zombie (D:7)
  5 gnolls (D:7)
  4 adders
  A white imp (D:7)
  A worm (D:2)
  5 dart slugs
  10 orcs
  3 endoplasms
  3 giant cockroaches
  5 goblins
  3 hobgoblins
  7 jackals
  7 ball pythons
  2 bats (D:1)
  4 frilled lizards
  3 kobolds
  9 rats
108 creatures vanquished.

Notes
Turn   | Place    | Note
-------+----------+-------------------------------------------
     0 | D:1      | Demosthentine the Merfolk Gladiator began the quest for the
                  | Orb.
     0 | D:1      | Reached XP level 1. HP: 16/16 MP: 1/1
    94 | D:1      | Reached XP level 2. HP: 23/23 MP: 2/2
   362 | D:1      | Reached XP level 3. HP: 28/28 MP: 3/3
   676 | D:2      | Reached skill level 5 in Polearms
  1029 | D:2      | Found Pakoidaomm's Magic Scroll Shop.
  1211 | D:3      | Found a shimmering blue altar of Sif Muna.
  1215 | D:3      | Reached skill level 1 in Armour
  1542 | D:3      | Reached XP level 4. HP: 35/35 MP: 4/4
  1931 | D:3      | Noticed Ijyb
  1964 | D:3      | Killed Ijyb
  1965 | D:3      | Reached skill level 5 in Dodging
  1965 | D:3      | Reached XP level 5. HP: 26/41 MP: 5/5
  2987 | D:4      | Found a broken altar of Ashenzari.
  3041 | D:4      | Reached skill level 6 in Polearms
  3041 | D:4      | Reached XP level 6. HP: 40/48 MP: 6/6
  3491 | D:4      | Found a basalt altar of Yredelemnul.
  3737 | D:4      | Found Ofiomev's Neck Hole.
  3956 | D:5      | Entered Level 5 of the Dungeon
  4227 | D:5      | Found a staircase to the Ecumenical Temple.
  4242 | Temple   | Entered the Ecumenical Temple
  4459 | Temple   | Became a worshipper of the Shining One
  4486 | D:5      | Reached XP level 7. HP: 53/55 MP: 7/7
  4776 | D:5      | Reached skill level 7 in Polearms
  5023 | D:5      | Reached skill level 5 in Fighting
  5238 | D:5      | Noticed a troll
  5249 | D:5      | Killed a troll
  5250 | D:5      | Reached skill level 8 in Polearms
  5250 | D:5      | Reached XP level 8. HP: 17/63 MP: 8/8
  5570 | D:5      | Noticed Grinder
  5589 | D:5      | Killed Grinder
  5969 | D:6      | Reached * piety under the Shining One
  6005 | D:6      | Found a hide-covered altar of Uskayaw.
  6122 | D:6      | Reached skill level 9 in Polearms
  6385 | D:6      | Reached XP level 9. HP: 68/71 MP: 9/9
  7005 | D:7      | Found a transporter.
  7005 | D:7      | Identified the +10 great mace of Mijyisun {antimagic, *Slow
                  | rN+ Stlth+}
  7005 | D:7      | Identified the +4 great mace of the Walnut {speed, rPois}
  7005 | D:7      | Noticed a two-headed ogre
  7007 | D:7      | Noticed bilbop's ghost (novice KoSu)
  7018 | D:7      | Found a transporter.
  7150 | D:7      | Identified the +2 hand axe of Fortitude {vorpal, rC++}
  7539 | D:7      | Noticed Maggie
  7554 | D:7      | HP: 3/72 [Maggie/bolt of fire (20)]
  7559 | D:7      | HP: 3/72 [poisoned by a water moccasin]
  7560 | D:7      | HP: 1/72 [poisoned by a water moccasin]
  7563 | D:7      | Succumbed to a water moccasin's poison

Illustrated notes

Levels and vault maps discovered:
D:1:      dpeg_arrival_ratfight, layout_rooms, minivault_23
D:2:      layout_basic, serial_shops, nicolae_shop_behind_doors
D:3:      layout_loops_corners, marbit_many_paths, uniq_ijyb
D:4:      layout_gridville, mainiacjoe_overflow_concentric_impassable,
          nicolae_overflow_hidden_temple, nicolae_shop_sticking_my_neck_out
D:5:      layout_basic, minmay_temple_entry_ruins, uniq_grinder
D:6:      layout_loops_ring, lemuel_crystal_altar
D:7:      layout_cave_pools, gammafunk_ghost_smash, serial_shops,
          nicolae_diamond_shop, chequers_serial_rivers_small_3,
          dk_noncrumbling_4, uniq_maggie, uniq_duvessa
Temple:   eino_narrow_crystal_temple

Skill      XL: |  1  2  3  4  5  6  7  8  9 |
---------------+----------------------------+-----
Polearms       | 5 6 8 9 |  9.8
Armour         | 1 2 3 4 |  4.4
Fighting       | 3 4 5 6 7 |  7.0
Dodging        | 5 6 7 8 |  8.9
Throwing       | |  2.0

Action                   |  1- 3 |  4- 6 |  7- 9 || total
-------------------------+-------+-------+-------++-------
Melee: Trident           |   122 |   137 |   281 ||   540
Throw: Throwing net      |       |       |     2 ||     2
  Use: Scroll            |     4 |     5 |     5 ||    14
       Potion            |       |       |     2 ||     2
 Stab: Sleeping          |     4 |     1 |       ||     5
Armor: Leather armour    |    25 |    30 |    70 ||   125
       Steam dragon scal |       |       |    26 ||    26
       Skin              |       |       |     3 ||     3
Dodge: Dodged            |    67 |    60 |   193 ||   320

Table legend: (Time is in decaauts)
 A = Elapsed time spent in this place.
 B = Non-inter-level travel time spent in this place.
 C = Inter-level travel time spent in this place.
 D = Time resting spent in this place.
 E = Time spent auto-exploring this place.
 F = Levels seen in this place.
 G = Mean time per level.
                   A        B        C        D        E       F      G
               +--------+--------+--------+--------+--------+-----+--------+
         Total |   7528 |   7345 |    183 |    152 |   6266 |   8 |  941.0 |
       Dungeon |   7302 |   7119 |    183 |    152 |   6066 |   7 | 1043.1 |
        Temple |    225 |    225 |      0 |      0 |    200 |   1 |  225.0 |
               +--------+--------+--------+--------+--------+-----+--------+

Top non-repeatable levels by time:
     D:5: 1716 daAuts
     D:3: 1410 daAuts
     D:4: 1379 daAuts
     D:6: 1072 daAuts
     D:2: 602 daAuts
     D:1: 582 daAuts
     D:7: 538 daAuts
  Temple: 225 daAuts
